[Event "*** Titled Tuesday Blitz"]
[Site "Chess.com"]
[Date "2021.04.20"]
[Round "4"]
[White "erdni1993"]
[Black "Ze-Pequeno"]
[Result "1-0"]
[WhiteElo "2425"]
[BlackElo "2240"]
[TimeControl "180+1"]
[EndTime "10:39:56 PDT"]
[Termination "erdni1993 won on time"]

1. e4 e5 2. Nf3 Nc6 3. Bb5 a6 4. Ba4 Nf6 5. O-O Be7 6. Re1 b5 7. Bb3 d6 8. h3 O-O 9. c3 Nb8 10. d4 Nbd7 11. Nbd2 Bb7 12. a4 c5 13. axb5 axb5 14.
Rxa8 Bxa8 15. Bc2 cxd4 16. cxd4 Qb6 17. Nf1 Rc8 18. Be3 Qa5 19. Ng3 g6 20. dxe5 dxe5 21.
Bb3 Bb4 22. Rf1 Rf8 23. Bh6 Re8 24. Ng5 Re7 25. Qc2 Bb7 26. Rd1 Nc5 27. f3 Nxb3 28.
Qxb3 Bc5+ 29. Kh2 Bd4 30. f4 Qc7 31. f5 Qc8 32. Qb4 Rd7 33. fxg6 hxg6 34. Qxb5 Bc6 35.
Qc4 Nh7 36. Rc1 Rc7 37. Qa2 Nxg5 38. Bxg5 Bd7 39. Rxc7 Qxc7 40. Qa8+ Kh7 41. Qd5 Be6 42. Qb5 Qc2 43. Qe2 Qxb2 44. Qxb2 Bxb2 45. Ne2 Ba1 46. Be3 Bc4 47. Ng3 Bd3 48. Kg1 f5 49. Kf2 f4 50. h4 fxe3+ 51. Kxe3 Bb1 52. h5 Bd4+ 53. Kf3 gxh5 54. Nxh5 Kg6 55. Ng3 Kg5 56. Nf5 Bd3 57. g3 Bc3 58. Nd6 Ba6 59. Nf7+ Kf6 60. Nh6 Bb4 61.
Ng4+ Ke6 62. Ne3 Bb5 63. g4 Be7 64. Nf5 Bg5 65. Ng3 Bf4 66. Nf5 Bg5 67. Ng3 Ba4 68. Nh5 Bd1+ 69. Kg3 Be2 70. Ng7+ Kf6 71. Nf5 Bf4+ 72.
Kh4 Bd3 73. Nd6 Ke6 74. Nf5 Bxe4 75. Ng7+ Kf6 76. Nh5+ Kg6 77. Kh3 Kg5 78. Ng7 Bf3 79. Ne6+ Kf6 80. Nc5 Be3 81. Nd3 1-0

[Event "*** Titled Tuesday Blitz"]
[Site "Chess.com"]
[Date "2021.04.20"]
[Round "4"]
[White "Rodalquilar"]
[Black "Anton_Demchenko"]
[Result "1-0"]
[WhiteElo "2724"]
[BlackElo "2901"]
[TimeControl "180+1"]
[EndTime "10:39:58 PDT"]
[Termination "Rodalquilar won by resignation"]

1. d4 Nf6 2. Bf4 g6 3. e3 Bg7 4. Nf3 d6 5. Be2 O-O 6. O-O Nbd7 7. h3 b6 8. Bh2 Bb7 9. a4 a6 10. Nbd2 Ne4 11. Nxe4 Bxe4 12. Nd2 Bb7 13. Bf3 Qc8 14.
c3 c5 15. b4 Rb8 16. Qe2 Bxf3 17. Nxf3 Qb7 18. Rab1 cxb4 19. cxb4 b5 20. axb5 axb5 21. h4 Nf6 22. Nd2 Rfc8 23. Rfc1 Nd5 24. Qf3 Nc3 25. Qxb7 Rxb7 26. Kf1 Rbc7 27. Ra1 Bf6 28. Bg3 h5 29. Nb3 Nd5 30. Rxc7 Rxc7 31. Ra8+ Kh7 32. Rb8 Rc3 33. Nd2 Ra3 34. Ne4 Rb3 35. Rxb5 Rb1+ 36. Ke2 Rb2+ 37. Kf3 Nxb4 38. Nxf6+ exf6 39. Bxd6 Nd3 40. Rxb2 Nxb2 41. Ke2 Nc4 42. Bc7 Na3 43. Kd3 Nb5 44. Bb8 Kg8 45.
Kc4 Na3+ 46. Kb3 Nb1 47. Kc2 Na3+ 48. Kb2 Nc4+ 49. Kc3 Nb6 50. e4 Kf8 51. Bc7 Nd7 52. d5 Ke8 53. Kd4 Ke7 54. f4 Ke8 55. e5 fxe5+ 56. fxe5 Nf8 57. Ke4 Nh7 58. Kf4 Kd7 59. Ba5 Ke8 60. Bb4 Kd7 61. Ke4 Ke8 62. Bc3 Kd7 63.
Kf4 Ke7 64. Bb4+ Kd7 65. g3 Ke8 66. Ke4 Kd7 67. Kd4 Ke8 68. Kc5 Kd7 69. Ba3 g5 70. Kd4 gxh4 71. gxh4 Ke8 72. Ke4 Kd7 73. Kf5 Ke8 74. e6 fxe6+ 75. dxe6 Nf8 76. Bxf8 Kxf8 77. Kf6 Ke8 78. e7 Kd7 79. Kf7 Kd6 80. e8=Q 1-0

[Event "*** Titled Tuesday Blitz"]
[Site "Chess.com"]
[Date "2021.04.20"]
[Round "4"]
[White "adnan_nn"]
[Black "elisak43"]
[Result "0-1"]
[WhiteElo "2654"]
[BlackElo "2510"]
[TimeControl "180+1"]
[EndTime "10:39:58 PDT"]
[Termination "elisak43 won by checkmate"]

1. e4 Nf6 2. e5 Nd5 3. d4 d6 4.
Bc4 Nb6 5. Bb3 d5 6. Ne2 Bf5 7. Ng3 Bg6 8. e6 fxe6 9. h4 N8d7 10. h5 Bf7 11. Bf4 c5 12. c3 e5 13. dxe5 e6 14. Nd2 Qc7 15. Qe2 O-O-O 16. a4 c4 17. Bc2 Nc5 18.
a5 Nbd7 19. Nf3 Nb8 20. O-O Be7 21. Qe3 g6 22. h6 Rhf8 23. Bg5 Be8 24. Bxe7 Qxe7 25.
Ng5 Nbd7 26. f4 Kb8 27. Ne2 Rc8 28. Nd4 a6 29. g3 Bf7 30. Rfb1 Bg8 31. Bd1 Rfe8 32.
Bg4 Qf8 33. b3 cxb3 34. Nxb3 Nxb3 35. Rxb3 Nc5 36. Rb6 Qxh6 37. Rab1 Qg7 38. Nf3 h6 39. Nd4 Ka8 40. Bf3 g5 41. f5 exf5 42. e6 f4 43.
Qe2 Red8 44. e7 Re8 45. Kg2 Qxe7 46. Qxe7 Rxe7 47. Rxh6 fxg3 48. Kxg3 Ne4+ 49. Bxe4 dxe4 50. Ne2 Rd7 51. Kg4 Bc4 52. Ng3 Bd3 53. Nf5 Bxb1 54. Ne3 Bd3 55. Nc4 Bxc4 56. Kxg5 Bd3 57. Kf4 Rdc7 58.
Ke3 Rxc3 59. Rh5 R3c6 60. Kd4 R8c7 61. Ke3 Ka7 62. Rh8 Rc5 63. Rh6 Rxa5 64. Kd4 Rac5 65. Ke3 R5c6 66. Rh2 a5 67. Rb2 b5 68. Ra2 Kb6 69.
Ra1 Bc4 70. Rg1 Rd7 71. Rg5 Rd3+ 72. Kf4 e3 73. Kf3 Rf6+ 74. Kg3 e2+ 75. Kh2 e1=Q 76. Rxb5+ Ka7 77. Rb7+ Ka6 78. Ra7+ Kxa7 79. Kg2 Qg3+ 80. Kh1 Rd1# 0-1

[Event "*** Titled Tuesday Blitz"]
[Site "Chess.com"]
[Date "2021.04.20"]
[Round "4"]
[White "GoltsevDmitry2000"]
[Black "mishanick"]
[Result "1-0"]
[WhiteElo "2745"]
[BlackElo "2962"]
[TimeControl "180+1"]
[EndTime "10:40:44 PDT"]
[Termination "GoltsevDmitry2000 won by resignation"]

1. e4 c5 2. Nf3 d6 3. d4 Nf6 4. Nc3 cxd4 5. Nxd4 a6 6. Bg5 Nbd7 7. Bc4 Qb6 8. Bb3 e6 9. Qd2 Be7 10. O-O-O Nc5 11.
f3 Bd7 12. g4 Qc7 13. Kb1 b5 14. Be3 b4 15. Nce2 a5 16. g5 Nh5 17. Bc4 Nxe4 18. Qd3 Nc5 19. Nb5 Bxb5 20. Bxb5+ Kf8 21. Qd4 Rb8 22. c4 Qb7 23. Qg4 g6 24. Bxc5 dxc5 25. Rd7 Qc8 26. Rhd1 h6 27. Qe4 hxg5 28. Ba6 Qe8 29.
Qe5 Bf6 30. Qc7 Kg7 31. Bb7 Rd8 32. Rxd8 Bxd8 33. Qxc5 Qe7 34. Qe5+ Qf6 35. Qd6 Be7 36. Qc7 Bd8 37. Qd6 Nf4 38. Nxf4 Qxf4 39. Qxf4 gxf4 40. c5 Bc7 41. Rd7 Be5 42. c6 Rxh2 43.
c7 Bxc7 44. Rxc7 g5 45. Rc5 f5 46. Rxa5 Kf6 47. Rb5 g4 48. fxg4 fxg4 49. Rxb4 e5 50.
Rb6+ Kg5 51. Re6 Re2 52. Ba6 Re1+ 53. Kc2 f3 54. Kd2 f2 55. Re8 e4 56. Be2 g3 57.
Rg8+ Kh4 58. Rh8+ Kg5 59. Rg8+ Kf4 60. Rf8+ Ke5 61. Rg8 Kd4 62. Rxg3 e3+ 63. Rxe3 f1=Q 64. Rd3+ Ke4 65. Bxf1 Rxf1 66. Rc3 Rf2+ 67. Kc1 Kd4 68. a4 Rh2 69. Ra3 Kc5 70. a5 Rh7 71. a6 Ra7 72. Kc2 Kb4 73. Kd3 Kb5 74. Kd4 Rd7+ 75. Kc3 Rc7+ 76.
Kb3 Ra7 77. Ra1 Kc5 78. Ra5+ Kc6 79. Ra1 Kb5 80. Ra2 Kc5 81. Kc3 Kb5 82. Ra1 Kc5 83.
Ra5+ Kc6 84. Kb4 Kb6 85. b3 Kc6 86. Ra1 Kb6 87. Kc4 Kc6 88. Kb4 Kb6 89. Ra2 Kc6 90. Ka5 Ra8 91. Rc2+ Kd7 92. b4 Rc8 93. Rxc8 1-0

[Event "*** Titled Tuesday Blitz"]
[Site "Chess.com"]
[Date "2021.04.20"]
[Round "4"]
[White "Jungle_Jaguar"]
[Black "wonderfultime"]
[Result "0-1"]
[WhiteElo "2723"]
[BlackElo "2965"]
[TimeControl "180+1"]
[EndTime "10:41:27 PDT"]
[Termination "wonderfultime won by checkmate"]

1. e4 c5 2. Nf3 Nf6 3. Nc3 d5 4.
exd5 Nxd5 5. h3 Nc6 6. Bb5 Nf6 7. Ne5 Bd7 8. Nxc6 bxc6 9. Bc4 e6 10. O-O Be7 11. d3 O-O 12. Qf3 Nd5 13. Na4 Qa5 14. b3 Bf6 15. Bb2 Bd4 16. Qe4 f5 17. Qe1 Qc7 18. c3 Bf6 19. Nxc5 Rae8 20. d4 e5 21. Qd2 exd4 22. cxd4 Kh8 23. Rae1 Bc8 24. Ba3 Rg8 25. Rxe8 Rxe8 26. Re1 Qd8 27. Bb2 h6 28. Nd3 Re4 29. Ne5 Qe8 30. Rxe4 fxe4 31. Qe2 Bf5 32. Ng4 Nf4 33. Qe3 Bg5 34. Qc3 Bxg4 35. hxg4 Qd7 36. Qg3 Nd5 37. Qe5 Bf6 38. Qb8+ Kh7 39.
Qg3 Qe7 40. Kf1 g6 41. Bxd5 cxd5 42. Qe3 Bg7 43. Qc3 Qd7 44. f3 Qf7 45. Ke2 Qe6 46.
Qe3 Bf6 47. Kf2 Bg5 48. f4 Bh4+ 49. g3 Bf6 50. Qe2 Bg7 51. Kg2 Qc6 52. Qf2 Qc8 53.
f5 Qd7 54. fxg6+ Kxg6 55. Qf4 Qe6 56. Bc1 Kh7 57. Be3 Kg8 58. Qf5 Qc6 59. Qf2 Qe6 60. Qf5 Qc6 61. g5 hxg5 62. Qxg5 Qc2+ 63. Kh3 Qc8+ 64.
Kg2 Qc2+ 65. Kh3 Qc6 66. Qg4 Qc3 67. Qg5 Qc6 68. Bf4 Qe6+ 69. Qg4 Qxg4+ 70. Kxg4 Bxd4 71. Bb8 Kf7 72. Kf4 Ke6 73. g4 a6 74. g5 Bc3 75.
g6 Kf6 76. Bd6 Kxg6 77. Bc5 Kf6 78. Ke3 Kf5 79. b4 Ke6 80. a4 Kd7 81. b5 axb5 82.
axb5 Bf6 83. Bb6 Kd6 84. Ba7 Be7 85. Bb6 Bg5+ 86. Kd4 Bh4 87. Bc5+ Ke6 88. Ke3 Bg3 89. Ba7 Bh2 90. Ke2 Kd7 91. Bc5 Kc7 92. Bd4 Kd6 93. Bb6 Be5 94. Ke3 Bh2 95. Ke2 Kd7 96. Bc5 Bc7 97.
Ke3 Bd8 98. Kd4 Ke6 99. Ke3 Ke5 100. Bd4+ Kd6 101. Ba7 Ba5 102. Kd4 Be1 103. Bb8+ Ke6 104. Ke3 Kd7 105. Ba7 Kc7 106. Bc5 Kd7 107. Kd4 Ke6 108. Ke3 Bc3 109. Ba7 Kd7 110. Bc5 Kc7 111. Ke2 Ba5 112. Ke3 Bb6 113. Bd4 Bxd4+ 114. Kxd4 Kb6 115. Kxd5 e3 116. Kc4 e2 117. Kb3 e1=Q 118. Ka4 Qh4+ 119. Kb3 Kxb5 120. Ka2 Qb4 121. Ka1 Kc4 122. Ka2 Kc3 123. Ka1 Qb2# 0-1

[Event "*** Titled Tuesday Blitz"]
[Site "Chess.com"]
[Date "2021.04.20"]
[Round "5"]
[White "Jospem"]
[Black "maximych26"]
[Result "1-0"]
[WhiteElo "2962"]
[BlackElo "2274"]
[TimeControl "180+1"]
[EndTime "10:49:59 PDT"]
[Termination "Jospem won by resignation"]

1. e4 c6 2. Nf3 d5 3. d3 dxe4 4. dxe4 Qxd1+ 5. Kxd1 Bg4 6. Be2 Nd7 7. Ne1 Bxe2+ 8.
Kxe2 O-O-O 9. Nd3 e5 10. Be3 b6 11. a4 f6 12. Nd2 Kb7 13. a5 b5 14. a6+ Kb8 15. c4 bxc4 16. Nxc4 Nb6 17. Bxb6 axb6 18. a7+ Kb7 19. Nxb6 Kxb6 20. a8=Q Rxa8 21. Rxa8 Bd6 22. Rha1 h5 23. R1a6+ Kb7 24. R6a7+ Kb6 25. Rxg7 1-0

[Event "*** Titled Tuesday Blitz"]
[Site "Chess.com"]
[Date "2021.04.20"]
[Round "5"]
[White "rugbyclub"]
[Black "gmcorrales"]
[Result "0-1"]
[WhiteElo "2253"]
[BlackElo "2801"]
[TimeControl "180+1"]
[EndTime "10:50:03 PDT"]
[Termination "gmcorrales won by resignation"]

1. c4 c5 2. g3 Nc6 3. Bg2 g6 4. Nc3 Bg7 5. a3 d6 6. Rb1 Bxc3 7. bxc3 Qd7 8. d3 b6 9. Nf3 Bb7 10. O-O h5 11. h3 Ne5 12. Nxe5 dxe5 13. Bxb7 Qxb7 14.
e4 Nf6 15. a4 Qd7 16. Kg2 Rd8 17.
a5 Qxd3 18. Qxd3 Rxd3 19. axb6 axb6 20. Rxb6 O-O 21. Rb7 Re8 22. Be3 Nxe4 23. f3 Nd6 0-1

[Event "*** Titled Tuesday Blitz"]
[Site "Chess.com"]
[Date "2021.04.20"]
[Round "5"]
[White "vova-79"]
[Black "rikyshi"]
[Result "1-0"]
[WhiteElo "2539"]
[BlackElo "2160"]
[TimeControl "180+1"]
[EndTime "10:50:17 PDT"]
[Termination "vova-79 won by resignation"]

1. d4 Nf6 2. c4 g6 3. Nc3 d5 4. Nf3 Bg7 5. Bf4 O-O 6. Rc1 c5 7. dxc5 Ne4 8. cxd5 Nxc3 9. bxc3 Na6 10. Be5 Nxc5 11.
Bxg7 Kxg7 12. Qd4+ 1-0

[Event "*** Titled Tuesday Blitz"]
[Site "Chess.com"]
[Date "2021.04.20"]
[Round "5"]
[White "rynos0411"]
[Black "PchelkinVK"]
[Result "0-1"]
[WhiteElo "2440"]
[BlackElo "2633"]
[TimeControl "180+1"]
[EndTime "10:50:35 PDT"]
[Termination "PchelkinVK won by resignation"]

1. d4 Nc6 2. Nf3 d5 3. c4 Bg4 4.
e3 Nf6 5. Nc3 e6 6. Be2 a6 7. O-O Bd6 8. b3 O-O 9. Bb2 Re8 10.
cxd5 exd5 11. Rc1 Qe7 12. Re1 Rad8 13. Na4 Ne4 14. Nd2 Bxh2+ 15. Kh1 Qh4 0-1

[Event "*** Titled Tuesday Blitz"]
[Site "Chess.com"]
[Date "2021.04.20"]
[Round "5"]
[White "RenarddesSurfaces"]
[Black "TheRealPeakyBlinder"]
[Result "0-1"]
[WhiteElo "2443"]
[BlackElo "2638"]
[TimeControl "180+1"]
[EndTime "10:50:44 PDT"]
[Termination "TheRealPeakyBlinder won by resignation"]

1. e4 e5 2. Nf3 Nc6 3. d4 exd4 4. Nxd4 Nf6 5. Nxc6 bxc6 6. Nc3 Bb4 7. Bd3 O-O 8.
O-O Re8 9. Bg5 Rb8 10. f4 Be7 11. e5 Nd5 12. Qh5 g6 13. Bxe7 Qxe7 14. Qh6 Ne3 15. Ne4 Ng4 16. Qh3 d5 17. Ng5 Qc5+ 0-1

[Event "*** Titled Tuesday Blitz"]
[Site "Chess.com"]
[Date "2021.04.20"]
[Round "5"]
[White "GUST_b"]
[Black "Anna_ChessMate"]
[Result "0-1"]
[WhiteElo "2371"]
[BlackElo "2556"]
[TimeControl "180+1"]
[EndTime "10:51:04 PDT"]
[Termination "Anna_ChessMate won by resignation"]

1. Nf3 d5 2. g3 Nf6 3. Bg2 g6 4. O-O Bg7 5. d4 O-O 6. c4 c6 7.
a4 Re8 8. cxd5 cxd5 9. Qb3 Ne4 10. Nc3 Nc6 11. Nxe4 dxe4 12. Ng5 Nxd4 13. Qxf7+ Kh8 14.
Qc4 Rf8 15. Nf7+ Rxf7 16. Qxf7 Be6 17. Qxe6 Nxe6 18. Bxe4 Nc5 19. Bf3 a5 20. Be3 Rc8 21. Rfd1 Qf8 22. Rac1 b6 23. Bxc5 Rxc5 24. Rxc5 bxc5 25.
b3 Bd4 26. e3 Qxf3 0-1

[Event "*** Titled Tuesday Blitz"]
[Site "Chess.com"]
[Date "2021.04.20"]
[Round "5"]
[White "tusplingher"]
[Black "InitiatingASC"]
[Result "1-0"]
[WhiteElo "2265"]
[BlackElo "2405"]
[TimeControl "180+1"]
[EndTime "10:51:17 PDT"]
[Termination "tusplingher won by resignation"]

1. e4 c5 2. d4 cxd4 3. c3 Nf6 4. e5 Nd5 5. Nf3 Nc6 6. cxd4 d6 7. Bc4 Nb6 8. Bb3 d5 9. O-O Bg4 10. Be3 e6 11. h3 Bh5 12. Nc3 Be7 13. Rc1 O-O 14.
Qe2 Na5 15. g4 Bg6 16. Nh2 Nxb3 17. axb3 Rc8 18. f4 Be4 19. f5 Bg5 20. f6 gxf6 21.
Bxg5 fxg5 22. Rf2 f5 23. Rcf1 f4 24. Nxe4 dxe4 25. Qxe4 Qd5 26. Qd3 Rfd8 27. Nf3 h6 28. Qg6+ Kf8 29. Nxg5 hxg5 30. Rxf4+ gxf4 31. Rxf4+ 1-0

[Event "*** Titled Tuesday Blitz"]
[Site "Chess.com"]
[Date "2021.04.20"]
[Round "5"]
[White "Kopytkin"]
[Black "beto-betun"]
[Result "1-0"]
[WhiteElo "2362"]
[BlackElo "2215"]
[TimeControl "180+1"]
[EndTime "10:51:26 PDT"]
[Termination "Kopytkin won by resignation"]

1. e4 c5 2. d4 cxd4 3. c3 dxc3 4.
Nxc3 e6 5. Nf3 a6 6. Bc4 Nc6 7. O-O Nge7 8. Bg5 h6 9. Bh4 g5 10.
Bg3 Bg7 11. e5 Nf5 12. Ne4 O-O 13. Re1 b5 14. Bd3 Nxg3 15. hxg3 Nxe5 16. Nxe5 Bxe5 17. Nc5 Bg7 18. Qe2 Qe7 19. Qe4 f5 20. Qxa8 Qxc5 21. Rac1 Qb6 22. Rxc8 1-0

[Event "*** Titled Tuesday Blitz"]
[Site "Chess.com"]
[Date "2021.04.20"]
[Round "5"]
[White "MateusViageiro"]
[Black "GAusal"]
[Result "0-1"]
[WhiteElo "2277"]
[BlackElo "2024"]
[TimeControl "180+1"]
[EndTime "10:51:28 PDT"]
[Termination "GAusal won by checkmate"]

1. Nf3 d5 2. g3 c5 3. Bg2 Nc6 4.
O-O e5 5. d3 Bd6 6. Nbd2 Be6 7.
c4 Nf6 8. cxd5 Nxd5 9. Ne4 f6 10. Nxd6+ Qxd6 11. Bd2 O-O 12. Rc1 b6 13. a3 a5 14. Qa4 Nd4 15. Nxd4 exd4 16. Rfe1 Rad8 17. Rcd1 Qe5 18. Qc2 Qh5 19. h4 g5 20. hxg5 fxg5 21. e3 Rxf2 22. Kxf2 Qh2 23. Rg1 Rf8+ 24. Ke2 Bg4+ 25.
Ke1 Qxg3# 0-1

[Event "*** Titled Tuesday Blitz"]
[Site "Chess.com"]
[Date "2021.04.20"]
[Round "5"]
[White "AshotParvanyan"]
[Black "FarOut1364"]
[Result "1-0"]
[WhiteElo "2543"]
[BlackElo "2718"]
[TimeControl "180+1"]
[EndTime "10:51:41 PDT"]
[Termination "AshotParvanyan won by resignation"]

1. Nf3 d5 2. d4 c6 3. c4 Nf6 4. Qc2 dxc4 5. Qxc4 Bg4 6. Nbd2 Nbd7 7. g3 Qa5 8. Bg2 e5 9. dxe5 Nxe5 10. Nxe5 Qxe5 11.
Nf3 Qe4 12. Qxf7+ Kxf7 13. Ng5+ Kg6 14. Nxe4 Re8 15. Nxf6 Rxe2+ 16. Kf1 gxf6 17. f3 Bc5 18. Kxe2 1-0

[Event "*** Titled Tuesday Blitz"]
[Site "Chess.com"]
[Date "2021.04.20"]
[Round "5"]
[White "Harald_Schmidt"]
[Black "LawrenceTrent"]
[Result "1-0"]
[WhiteElo "2409"]
[BlackElo "2558"]
[TimeControl "180+1"]
[EndTime "10:51:41 PDT"]
[Termination "Harald_Schmidt won by resignation"]

1. e4 g6 2. h4 Nf6 3. e5 Nd5 4. h5 Bg7 5. d4 d6 6. h6 Bf8 7. Nf3 Nc6 8. Bc4 Nb6 9. Bb5 dxe5 10.
Nxe5 Bd7 11. Nxc6 Bxc6 12. Bxc6+ bxc6 13. Be3 e6 14. Nc3 Bb4 15. Qf3 Nd5 16. Bd2 c5 17. dxc5 Bxc5 18. O-O-O Qf6 19. Nxd5 Qxf3 20. Nxc7+ Kd7 21.
Ba5+ Qxd1+ 22. Rxd1+ Kc6 23. Na6 Bxf2 24. a4 Be3+ 25. Kb1 Bc5 26. b4 Be7 27. b5+ Kb7 28. Rd7+ Kc8 29. Rxe7 1-0

[Event "*** Titled Tuesday Blitz"]
[Site "Chess.com"]
[Date "2021.04.20"]
[Round "5"]
[White "Sharpchess22"]
[Black "Kretov_Evgenij"]
[Result "0-1"]
[WhiteElo "2795"]
[BlackElo "2663"]
[TimeControl "180+1"]
[EndTime "10:51:55 PDT"]
[Termination "Kretov_Evgenij won by resignation"]

1. c4 Nf6 2. Nf3 c5 3. g3 b6 4. Bg2 Bb7 5. O-O e6 6. Nc3 Be7 7. d4 cxd4 8. Nxd4 Bxg2 9. Kxg2 Qc7 10. Qd3 a6 11. b3 O-O 12. f4 Nc6 13. Bb2 Rab8 14.
e3 Rfd8 15. Rac1 Qb7 16. Kg1 Rbc8 17. Qe2 Bc5 18. Na4 Be7 19. Nxc6 Rxc6 20. e4 b5 21. cxb5 axb5 22. Nc3 b4 23. Nb5 Rxc1 24. Rxc1 Nxe4 25. Rc7 Bc5+ 26. Kg2 Qd5 27. Kh3 Nf2+ 28. Kh4 Be7+ 0-1

[Event "*** Titled Tuesday Blitz"]
[Site "Chess.com"]
[Date "2021.04.20"]
[Round "5"]
[White "BvsN"]
[Black "chesslh19"]
[Result "1-0"]
[WhiteElo "2365"]
[BlackElo "2228"]
[TimeControl "180+1"]
[EndTime "10:52:00 PDT"]
[Termination "BvsN won on time"]

1. c4 e6 2. Nc3 d5 3. d4 Nf6 4. cxd5 exd5 5. Bg5 Be7 6. e3 c6 7. Bd3 O-O 8. Nge2 Nbd7 9. O-O Re8 10. Qc2 Nf8 11.
f3 Ng6 12. Rad1 Be6 13. Kh1 Rc8 14. h3 Nh5 15. Bxe7 Qxe7 16. g4 Nf6 17. Ng3 Qd6 18.
Qf2 Nd7 19. f4 1-0

[Event "*** Titled Tuesday Blitz"]
[Site "Chess.com"]
[Date "2021.04.20"]
[Round "5"]
[White "Jungle_Jaguar"]
[Black "Mikasinski"]
[Result "0-1"]
[WhiteElo "2711"]
[BlackElo "2525"]
[TimeControl "180+1"]
[EndTime "10:52:06 PDT"]
[Termination "Mikasinski won by resignation"]

1. e4 c5 2. Nf3 d6 3. d4 cxd4 4.
Nxd4 Nf6 5. Nc3 g6 6. Be3 Bg7 7. f3 O-O 8. Qd2 Nc6 9. O-O-O Bd7 10. g4 Rc8 11. Kb1 Ne5 12. h4 Qa5 13. Nd5 Qxd2 14. Nxe7+ Kh8 15. Rxd2 Rce8 16. g5 Nxe4 17. Nxg6+ fxg6 18. fxe4 Ng4 19. Bh3 Rxe4 20. Bxg4 Bxg4 21. Bf2 Rxf2 22.
Rxf2 Rxd4 23. Re1 Be5 24. a3 Bf5 25. Ka2 Rxh4 26. Rd2 Kg7 27. b3 Kf7 28. c4 Bc3 0-1

[Event "*** Titled Tuesday Blitz"]
[Site "Chess.com"]
[Date "2021.04.20"]
[Round "5"]
[White "artichaud"]
[Black "Deepweb2020"]
[Result "0-1"]
[WhiteElo "2226"]
[BlackElo "2497"]
[TimeControl "180+1"]
[EndTime "10:52:06 PDT"]
[Termination "Deepweb2020 won by resignation"]

1. e4 c6 2. d4 d5 3. Nd2 dxe4 4.
Nxe4 Nf6 5. Nxf6+ exf6 6. c3 Bd6 7.
Bd3 O-O 8. Ne2 Re8 9. Be3 Nd7 10.
Qd2 Nf8 11. Bf4 Be6 12. O-O h5 13. Bxd6 Qxd6 14. Qf4 Qd7 15. Qh4 Bg4 16. f3 Re3 17. Rad1 Bf5 18. Bxf5 Qxf5 19. Ng3 Qc2 20. Rb1 Ng6 0-1

[Event "*** Titled Tuesday Blitz"]
[Site "Chess.com"]
[Date "2021.04.20"]
[Round "5"]
[White "Vandros57"]
[Black "LittleMyMoomin"]
[Result "1/2-1/2"]
[WhiteElo "2172"]
[BlackElo "1905"]
[TimeControl "180+1"]
[EndTime "10:52:09 PDT"]
[Termination "Game drawn by agreement"]

1. d4 Nf6 2. Nf3 e6 3. e3 d6 4. c4 b6 5. Nc3 Bb7 6. Be2 Nbd7 7. O-O g6 8. b3 Bg7 9. Bb2 O-O 10. a4 Ne4 11. Nxe4 Bxe4 12. a5 f5 13. axb6 axb6 14. Rxa8 Qxa8 15. Qa1 Nf6 16. Qxa8 Rxa8 17. Ra1 Rxa1+ 18.
Bxa1 Bc2 19. Nd2 Ne4 20. Nxe4 fxe4 21. b4 c5 22. dxc5 dxc5 23. Bxg7 Kxg7 24. bxc5 bxc5 25. f3 Kf6 26. Kf2 Ke5 27. f4+ Kd6 28. Ke1 Kc6 29.
Kd2 Ba4 30. Kc3 1/2-1/2

[Event "*** Titled Tuesday Blitz"]
[Site "Chess.com"]
[Date "2021.04.20"]
[Round "5"]
[White "Ladislav1969"]
[Black "Kapibara_Warri0r"]
[Result "1-0"]
[WhiteElo "2320"]
[BlackElo "2217"]
[TimeControl "180+1"]
[EndTime "10:52:15 PDT"]
[Termination "Ladislav1969 won by resignation"]

1. e4 e6 2. d4 d5 3. e5 c5 4. c3 Nc6 5. Nf3 Bd7 6. a3 Qb6 7. b4 cxd4 8. cxd4 Nge7 9. Nc3 Nf5 10. Na4 Qc7 11. Be3 h5 12. Rc1 a6 13. Bd3 Nxe3 14. fxe3 Be7 15. O-O O-O 16. Nc5 b6 17. Nxa6 Qb7 18. b5 Bxa3 19. Ra1 Bb2 20. Rb1 Bxd4 21. exd4 Ne7 22. Nh4 g6 23. Qd2 Kg7 24. Qg5 Ng8 25. Nxg6 1-0

[Event "*** Titled Tuesday Blitz"]
[Site "Chess.com"]
[Date "2021.04.20"]
[Round "5"]
[White "eCztery"]
[Black "Omk124"]
[Result "1-0"]
[WhiteElo "2405"]
[BlackElo "2545"]
[TimeControl "180+1"]
[EndTime "10:52:29 PDT"]
[Termination "eCztery won by checkmate"]

1. e4 c5 2. Nf3 d6 3. d4 cxd4 4. Qxd4 a6 5. c4 Nc6 6. Qe3 g6 7. Nc3 Bg7 8. h3 Nf6 9. Be2 O-O 10. O-O Be6 11. Rb1 Rc8 12. b3 Nd7 13. Bb2 Qa5 14. Nd5 Qxa2 15. Bxg7 Kxg7 16. Qc3+ f6 17. Ra1 Qxe2 18. Rfe1 Qxe1+ 19. Rxe1 Kf7 20. Qe3 Kg7 21. Nd4 Nxd4 22. Qxd4 Kf7 23. Nf4 Rc7 24. Nxe6 Kxe6 25. Qd5# 1-0

[Event "*** Titled Tuesday Blitz"]
[Site "Chess.com"]
[Date "2021.04.20"]
[Round "5"]
[White "abhidabhi"]
[Black "SchmakAttack"]
[Result "0-1"]
[WhiteElo "2808"]
[BlackElo "2619"]
[TimeControl "180+1"]
[EndTime "10:52:32 PDT"]
[Termination "SchmakAttack won by resignation"]

1. e4 e6 2. d4 d5 3. Nc3 Nf6 4.
e5 Nfd7 5. Nce2 c5 6. c3 Nc6 7. f4 Be7 8. Nf3 O-O 9. h4 f6 10. Rh3 b5 11. h5 b4 12. Be3 bxc3 13. bxc3 Ba6 14. Rg3 Qa5 15. f5 Bxe2 16. Qxe2 Qxc3+ 17. Kf2 Qxa1 18. Bh6 Nxd4 19. Qd2 Nxf5 20. Bxg7 Nxg3 21. Kxg3 Kxg7 22. Bd3 Nxe5 0-1

[Event "*** Titled Tuesday Blitz"]
[Site "Chess.com"]
[Date "2021.04.20"]
[Round "5"]
[White "MMSANCHEZ"]
[Black "Raud100"]
[Result "1-0"]
[WhiteElo "2563"]
[BlackElo "2379"]
[TimeControl "180+1"]
[EndTime "10:52:35 PDT"]
[Termination "MMSANCHEZ won by resignation"]

1. d4 d5 2. c4 c6 3. Nf3 Nf6 4. e3 Bg4 5. h3 Bh5 6. g4 Bg6 7. Ne5 Nbd7 8. Nxg6 hxg6 9. Nc3 e6 10. Qf3 g5 11.
Bd3 Bd6 12. Bd2 Qe7 13. a3 O-O-O 14. c5 Bc7 15. Kf1 e5 16. Bf5 Kb8 17. b4 e4 18.
Qe2 g6 19. Bxd7 Nxd7 20. b5 Qe6 21. Kg2 Ka8 22. Rab1 f5 23. bxc6 bxc6 24. Qa6 Rb8 25. Nb5 Rxb5 26. Rxb5 Rb8 27. Rhb1 1-0

[Event "*** Titled Tuesday Blitz"]
[Site "Chess.com"]
[Date "2021.04.20"]
[Round "5"]
[White "picturesquecheck"]
[Black "mamonika"]
[Result "1-0"]
[WhiteElo "2301"]
[BlackElo "2058"]
[TimeControl "180+1"]
[EndTime "10:52:35 PDT"]
[Termination "picturesquecheck won on time"]

1. e4 c5 2. a4 Nc6 3. Nf3 g6 4. Bb5 Bg7 5. Bxc6 bxc6 6. O-O d5 7. Re1 Qc7 8. Nc3 d4 9. Ne2 e5 10. d3 Bg4 11. Ng3 Ne7 12. h3 Be6 13. Ng5 Qd7 14. Nxe6 Qxe6 15. b3 O-O 16. Ba3 Qd6 17. Qd2 a5 18. Rf1 Nc8 19. Rae1 Nb6 20. Ne2 Nd7 21.
g3 Qe6 22. Kg2 f5 23. exf5 Qxf5 24. f4 e4 25. dxe4 Qxe4+ 26. Kh2 Qd5 27. Nc1 Rfe8 28.
Qg2 1-0

[Event "*** Titled Tuesday Blitz"]
[Site "Chess.com"]
[Date "2021.04.20"]
[Round "5"]
[White "olksuna"]
[Black "sakkikuska"]
[Result "1-0"]
[WhiteElo "2659"]
[BlackElo "2477"]
[TimeControl "180+1"]
[EndTime "10:52:36 PDT"]
[Termination "olksuna won by checkmate"]

1. e4 c5 2. Nf3 e6 3. d4 cxd4 4. Nxd4 Nc6 5. Nc3 Qc7 6. Be2 a6 7. O-O Nf6 8. Be3 Bb4 9. Nxc6 bxc6 10. Qd4 c5 11. Qc4 d5 12. exd5 exd5 13. Nxd5 Nxd5 14. Qxd5 Bb7 15. Qg5 O-O 16. c3 Ba5 17. Qxc5 Qxc5 18.
Bxc5 Rfe8 19. Rfe1 Rad8 20. Bf3 Bxf3 21. gxf3 f6 22. Rxe8+ Rxe8 23. Kf1 Kf7 24. Re1 Rd8 25. Re7+ Kg6 26. b4 Rd5 27. Ra7 Bd8 28. Bf8 a5 29. Rxg7+ Kf5 30. Rb7 h5 31. b5 Rd1+ 32. Kg2 Rd2 33.
c4 Rxa2 34. Rd7 Bb6 35. c5 Bxc5 36. Bxc5 Rb2 37. b6 a4 38. Ra7 Rb5 39. b7 Kg5 40. Bd6 Kh4 41. Bg3+ Kg5 42. b8=Q Rxb8 43. Bxb8 f5 44.
Rxa4 f4 45. Bxf4+ Kh4 46. Bh6# 1-0

[Event "*** Titled Tuesday Blitz"]
[Site "Chess.com"]
[Date "2021.04.20"]
[Round "5"]
[White "ARMQUEEN"]
[Black "suneebaker"]
[Result "1-0"]
[WhiteElo "2242"]
[BlackElo "2199"]
[TimeControl "180+1"]
[EndTime "10:52:40 PDT"]
[Termination "ARMQUEEN won by resignation"]

1. e4 e5 2. Nf3 Nc6 3. Bc4 Bc5 4. O-O Nf6 5. d4 exd4 6. e5 d5 7. exf6 dxc4 8. fxg7 Rg8 9. Re1+ Be6 10. Ng5 Qd5 11. Nc3 Qf5 12. g4 Qg6 13. Nce4 Bb6 14. Nxe6 fxe6 15.
Bg5 Rxg7 16. h3 Rf7 17. Bh4 Ne5 18. Ng5 Nf3+ 19. Nxf3 d3 20. Ne5 Qg7 21. Nxf7 Qxf7 22. cxd3 1-0